 Dungeon Crawl Stone Soup version 0.29-a0-813-g4a14ea37d6 (webtiles) character file.

Game seed: 4439882321747555739

61 croobank the Sneak (level 4, -5/27 HPs)
             Began as an Octopode Fire Elementalist on July 4, 2022.
             Slain by an orc
             ... wielding a +0 hand axe of distortion
              (16 damage)
             ... on level 2 of the Dungeon.
             The game lasted 00:05:03 (2229 turns).

croobank the Sneak (Octopode Fire Elementalist)     Turns: 2229, Time: 00:05:04

Health: -5/27      AC:  1    Str: 12    XL:     4   Next: 7%
Magic:  2/6        EV: 13    Int: 23    God:
Gold:   101        SH:  0    Dex: 11    Spells: 4/7 levels left

rFire   . . .      SeeInvis .   q - +3 short sword
rCold   . . .      Faith    .   (no shield)
rNeg    . . .      Spirit   .   (helmet restricted)
rPois   .          Reflect  .   (no amulet)
rElec   .          Harm     .   t - +6 ring of strength
rCorr   .          Rampage  .   (no ring)
Will    .....                   (no ring)
Stlth   +++.......              (no ring)
HPRegen 0.09/turn               (no ring)
MPRegen 0.10/turn               (no ring)
                                (no ring)
                                (no ring)

@: very slightly contaminated
A: almost no armour, amphibious, 8 rings, camouflage 1, gelatinous body 1,
(nimble swimmer 1), tentacles, clever 1, low MP 1
a: no special abilities


You were on level 2 of the Dungeon.
You visited 1 branch of the dungeon, and saw 2 of its levels.

You collected 101 gold pieces.

Inventory:

Hand Weapons
 b - a +0 sling
 m - a +0 dagger
 q - a +3 short sword (weapon)
Missiles
 p - 4 javelins
 r - 18 stones
Armour
 u - an orb of guile
Jewellery
 t - a +6 ring of strength (left tentacle)
Scrolls
 d - a scroll of teleportation {unknown}
 e - a scroll of noise {unknown}
 f - a scroll of summoning {unknown}
 j - a scroll of fog {unknown}
 k - 2 scrolls of poison {unknown}
 l - a scroll of enchant armour {unknown}
 n - a scroll of identify
Potions
 a - a potion of magic
 c - a potion of attraction
 g - a potion of berserk rage
 h - a potion of curing
 i - a potion of brilliance {unknown}
 o - a potion of heal wounds {unknown}
 s - 2 potions of might {unknown}


   Skills:
 + Level 2.5 Dodging
 + Level 3.5 Stealth
 + Level 2.4 Spellcasting
 + Level 1.8 Conjurations
 + Level 3.4 Fire Magic


You had 4 spell levels left.
You knew the following spells:

 Your Spells              Type           Power      Damage    Failure   Level
a - Foxfire               Conj/Fire      56%        2x1d6     4%          1
b - Scorch                Fire           36%        2d7       4%          2

Your spell library contained the following spells:

 Spells                   Type           Power      Damage    Failure   Level
 Conjure Flame            Conj/Fire      14%        6-21      13%         3
 Inner Flame              Hex/Fire       10%        N/A       19%         3
 Flame Wave               Conj/Fire      14%        2d6       38%         4


Dungeon Overview and Level Annotations

Branches:
Dungeon (2/15)

Altars:


Innate Abilities, Weirdness & Mutations

You cannot wear most types of armour.
You are amphibious.
You can wear up to eight rings at the same time.
Your skin changes colour to match your surroundings (Stealth+).
Your rubbery body absorbs attacks. (AC +1, EV +1)
((You are camouflaged when in or above water. (Stealth+)))
You have tentacles for arms and can constrict up to eight enemies at once.
Your mind is acute. (Int +4, Str/Dex -1)
Your magical capacity is low. (-10% MP)


Message History

Confirm with . or Enter, or press ? or * to list all spells.
You conjure some foxfire!
An orc comes into view. It is wielding a +0 whip.
The foxfire hits the orc.
The orc is heavily wounded.
The foxfire hits the orc.
The orc is almost dead.
You hit the orc but do no damage. Your grab misses the orc.
The orc is almost dead.
The orc barely misses you.
Casting: Foxfire (safe; 4% risk of failure)
Confirm with . or Enter, or press ? or * to list all spells.
You miscast Foxfire.
You are very lightly contaminated with residual magic.
Nothing appears to happen.
The orc hits you with a +0 hand axe.
Casting: Foxfire (safe; 4% risk of failure)
Confirm with . or Enter, or press ? or * to list all spells.
You conjure some foxfire!
The orc completely misses you. The orc closely misses you.
The foxfire hits the orc.
The orc is moderately wounded.
The foxfire hits the orc.
The orc is moderately wounded.
The orc closely misses you.
You hit the orc.
You kill the orc!
Casting: Foxfire (safe; 4% risk of failure)
Confirm with . or Enter, or press ? or * to list all spells.
Flames lash the orc.
You kill the orc!
The orc misses you.
The orc hits you with a +0 hand axe of distortion.
Space warps around you. The orc barely misses you.
You closely miss the orc. Your grab misses the orc.
The orc hits you with a +0 whip.
The orc hits you with a +0 hand axe of distortion.
Space warps horribly around you!
Ouch! That really hurt!
You die...

#.#.#####........
#.#............).
#.#######........
##.##### ##.†.....
#...)..# #........
#.######+#########
##.# .... #..##
..... #.@o#......
#.o).......
#....!..#≈#
#.⌠.....§§≈
#.......#§#
#.......§§.
##..#......
#####..... # #....
#


You could see 2 orcs.

Vanquished Creatures
  2 worms (D:2)
  2 orcs (D:2)
  2 ball pythons (D:1)
  6 bats
  4 endoplasms
  6 giant cockroaches
  5 goblins
  A hobgoblin (D:1)
  A jackal (D:2)
  3 quokkas
  4 frilled lizards
  7 kobolds
  6 rats
49 creatures vanquished.

Vanquished Creatures (collateral kills)
  A foxfire (D:1)
1 creature vanquished.

Vanquished Creatures (others)
  77 foxfires
77 creatures vanquished.

Grand Total: 127 creatures vanquished

Notes
Turn   | Place    | Note
-------+----------+-------------------------------------------
     0 | D:1      | croobank the Octopode Fire Elementalist began the quest for
                  | the Orb.
     0 | D:1      | Reached XP level 1. HP: 11/11 MP: 3/3
   214 | D:1      | Reached XP level 2. HP: 17/17 MP: 0/5
   277 | D:1      | Learned a level 2 spell: Scorch
   582 | D:1      | Gained mutation: You are frail. (-10% HP) [potion of
                  | mutation]
   582 | D:1      | Gained mutation: You have an increased reservoir of magic.
                  | (+10% MP) [potion of mutation]
   625 | D:1      | Reached XP level 3. HP: 18/18 MP: 4/7
  2085 | D:2      | Lost mutation: You have an increased reservoir of magic.
                  | (+10% MP) [potion of mutation]
  2085 | D:2      | Lost mutation: You are frail. (-10% HP) [potion of
                  | mutation]
  2085 | D:2      | Gained mutation: You are dopey. (Int -2) [potion of
                  | mutation]
  2085 | D:2      | Gained mutation: You are weak. (Str -2) [potion of
                  | mutation]
  2150 | D:2      | Lost mutation: You are weak. (Str -2) [potion of mutation]
  2150 | D:2      | Lost mutation: You are dopey. (Int -2) [potion of mutation]
  2150 | D:2      | Gained mutation: Your mind is acute. (Int +4, Str/Dex -1)
                  | [potion of mutation]
  2150 | D:2      | Gained mutation: Your magical capacity is low. (-10% MP)
                  | [potion of mutation]
  2191 | D:2      | Identified the +1 robe of Huluyclo {Dex+3}
  2203 | D:2      | Reached XP level 4. HP: 27/27 MP: 5/6
  2229 | D:2      | Slain by an orc

Illustrated notes

Levels and vault maps discovered:
D:1:      eino_arrival_tree_alley, layout_rooms, serial_aquarium,
          aquarium_bridge_straight [aquarium_subvault_bridge,
          aquarium_subvault_window, aquarium_subvault_bridge,
          aquarium_subvault_window], aquarium_bridge_square
          [aquarium_subvault_wall, aquarium_subvault_wall,
          aquarium_subvault_window, aquarium_subvault_bridge],
          aquarium_window_2, aquarium_window_1, aquarium_window_2,
          aquarium_view_2d, aquarium_pool_side
D:2:      minmay_wonky_spiral, layout_basic,
          hellmonk_ecumenical_altar_defaced_shrine

Skill      XL: |  1  2 |
---------------+-------+-----
Stealth        | 3 |  3.5
Dodging        | |  2.5
Spellcasting   | |  2.4
Conjurations   | |  1.8
Fire Magic     | |  3.4

Action                   |  1- 3 |  4- 6 || total
-------------------------+-------+-------++-------
Melee: Unarmed           |     5 |       ||     5
       Short sword       |    31 |     3 ||    34
       Constrict         |     4 |       ||     4
       Tentacles         |     3 |       ||     3
 Cast: Foxfire           |    48 |     2 ||    50
       Scorch            |     8 |     1 ||     9
  Use: Scroll            |     4 |       ||     4
       Potion            |     3 |       ||     3
 Stab: Sleeping          |     3 |       ||     3
Armor: Skin              |     3 |       ||     3
Dodge: Dodged            |    26 |     6 ||    32

Table legend: (Time is in decaauts)
 A = Elapsed time spent in this place.
 B = Non-inter-level travel time spent in this place.
 C = Inter-level travel time spent in this place.
 D = Time resting spent in this place.
 E = Time spent auto-exploring this place.
 F = Levels seen in this place.
 G = Mean time per level.
                   A        B        C        D        E       F      G
               +--------+--------+--------+--------+--------+-----+--------+
         Total |   2231 |   2209 |     22 |    148 |   1708 |   2 | 1115.5 |
       Dungeon |   2231 |   2209 |     22 |    148 |   1708 |   2 | 1115.5 |
               +--------+--------+--------+--------+--------+-----+--------+

Top non-repeatable levels by time:
     D:2: 1132 daAuts
     D:1: 1098 daAuts
